 Dungeon Crawl Stone Soup version 0.19-a0-1079-g88a7474 (webtiles) character file.

326 4thArraOfDagon the Distorting Centaur (level 6, -1/76 HPs)
             Began as a Centaur Abyssal Knight on Aug 6, 2016.
             Was a Believer of Lugonu.
             Killed by the air
             ... invoked by Gastronok
              (4 damage)
             ... on level 8 of the Dungeon.
             The game lasted 00:06:36 (1062 turns).

4thArraOfDagon the Distorting Centaur (CeAK)        Turns: 1062, Time: 00:06:36

Health: -1/76      AC: 23    Str: 14    XL:     6   Next: 24%
Magic:  9/9        EV:  1    Int: 13    God:    Lugonu [**....]
Gold:   74         SH:  3    Dex:  9    Spells: 0 memorised, 5 levels left

rFire  . . .     SeeInvis .     h - +2 halberd (freeze)
rCold  . . .     Gourm    .     (armour currently unavailable)
rNeg   + + +     Faith    .     (shield currently unavailable)
rPois  +         Spirit   .     (helmet currently unavailable)
rElec  .         Dismiss  .     (cloak currently unavailable)
rCorr  .         Reflect  +     (gloves currently unavailable)
SustAt .         Harm     .     (no barding)
MR     .....     NoTele   +     g - +3 amulet of reflection
Stlth  +.........               (no ring)
                                k - ring of positive energy

@: lethally poisoned (-1 -> -6), tree-form
A: (hooves 0), (deformed body), (speed 0), (tough skin 0)
a: Depart the Abyss, Bend Space, Renounce Religion


You were on level 8 of the Dungeon.
You worshipped Lugonu.
Lugonu was pleased with you.
You were not hungry.
You were a tree.
You visited 1 branch of the dungeon, and saw 8 of its levels.
You visited the Abyss 1 time.

You collected 158 gold pieces.
You spent 84 gold pieces at shops.

Inventory:

Hand Weapons
 a - a +1 falchion
 h - a +2 halberd of freezing (weapon)
Armour
 b - a +0 leather armour
 f - the +7 chain mail of Rotation (melded) {rPois rC- Str+4}
   (You found it on level 3 of the Abyss)

   It affects your strength (+4).
   It makes you vulnerable to cold.
   It protects you from poison.
Magical Staves
 e - an uncursed staff of summoning {!a}
Jewellery
 g - a +3 amulet of reflection (around neck)
 k - a ring of positive energy (left branch)
Wands
 d - a wand of acid (0/15)
Scrolls
 i - a scroll of random uselessness
 j - a scroll of amnesia
 m - a scroll of identify
 n - a scroll of magic mapping
Comestibles
 c - 2 bread rations
 l - a meat ration


   Skills:
 - Level 3.0 Fighting
 - Level 1.9 Long Blades
 * Level 3.3 Polearms
 + Level 3.0 Armour
 - Level 0.6 Dodging
 + Level 4.0 Invocations


You had 5 spell levels left.
You didn't know any spells.

Dungeon Overview and Level Annotations

Branches:
Dungeon (8/15)
 Temple: D:4-7         Lair: D:8-11

Altars:
Pakellas
Ru

Shops:
D:5 }}?

Annotations:
D:6 Edmund
D:8 Gastronok, Psyche


Innate Abilities, Weirdness & Mutations

((You have hooves in place of feet.))
((Armour fits poorly on your strangely shaped body.))
((You cover ground very quickly.))
((You have extremely tough skin. (AC +3)))


Message History

Unknown command.
You closely miss Psyche.
Psyche is heavily wounded.
Psyche hits you but does no damage. Psyche gestures at you while chanting.
The puff of frost hits you! Psyche hits you but does no damage.
Unknown command.
Unknown command.
You closely miss Psyche.
Psyche is heavily wounded.
Psyche miscasts a cantrip.
Psyche zaps a wand.
You resist with some effort.
Unknown command.
You closely miss Psyche.
Psyche is heavily wounded.
Psyche hits you but does no damage. x3
You are lethally poisoned!
Gastronok waves his eye-stalks in wide circles.
The air twists around and strikes you!
You die...

... #.# ## #.#
#... ... .....
#.###..<..
#.#......w
#.#####.#.#.w...
#.....♣@....#
#######.....#
...........#
######.....#
#.)...# #######


You could see Gastronok and Psyche.

Vanquished Creatures
  2 scorpions
  A hound (D:5)
  An orc wizard (D:5)
  2 orc priests (D:5)
  6 gnolls
  An adder (D:4)
  An ooze (D:2)
  A worm (D:3)
  A dart slug (D:4)
  4 giant geckos
  An orc (D:5)
  A giant cockroach (D:6)
  4 goblins
  3 hobgoblins
  4 jackals
  A giant newt (D:2)
  3 kobolds (D:2)
  A quokka zombie (D:5)
  A rat (D:3)
39 creatures vanquished.

Notes
Turn   | Place    | Note
-------+----------+-------------------------------------------
     0 | Abyss:1  | 4thArraOfDagon the Centaur Abyssal Knight began the quest for the Orb.
     0 | Abyss:1  | Reached XP level 1. HP: 19/19 MP: 2/2
    51 | Abyss:3  | Noticed a fire bat
    52 | Abyss:3  | Noticed a fire bat
    65 | Abyss:3  | Got a polished chain mail
    69 | Abyss:3  | Noticed a chaos spawn
    79 | Abyss:3  | Noticed a rakshasa
    81 | D:1      | Escaped the Abyss
    92 | D:1      | Identified the +7 chain mail of Rotation {rPois rC- Str+4} (You found it on level 3 of the Abyss)
    92 | D:1      | :)
   153 | D:2      | Reached XP level 2. HP: 26/26 MP: 3/3
   168 | D:2      | Reached skill level 3 in Invocations
   168 | D:2      | Reached XP level 3. HP: 31/31 MP: 5/5
   331 | D:2      | Reached * piety under Lugonu
   360 | D:2      | Reached skill level 1 in Polearms
   423 | D:4      | Found a sacrificial altar of Ru.
   526 | D:4      | Noticed a scorpion
   540 | D:4      | Killed a scorpion
   540 | D:4      | Reached XP level 4. HP: 17/38 MP: 6/6
   624 | D:5      | Entered Level 5 of the Dungeon
   624 | D:5      | Found Vunwu's Magic Scroll Shoppe.
   636 | D:5      | Reached XP level 5. HP: 19/45 MP: 7/7
   650 | D:5      | Bought a scroll of magic mapping for 45 gold pieces
   650 | D:5      | Bought a scroll of remove curse for 39 gold pieces
   686 | D:5      | Found Wieluip's Gadget Shop.
   742 | D:5      | Found an oddly glowing altar of Pakellas.
   742 | D:5      | Found Pakellas's Prime Provisions.
   818 | D:5      | Reached XP level 6. HP: 17/51 MP: 8/8
   822 | D:5      | Reached skill level 4 in Invocations
   874 | D:6      | Noticed Edmund
   915 | D:6      | Noticed a sky beast
  1041 | D:7      | Reached ** piety under Lugonu
  1046 | D:7      | Noticed an orc warrior
  1050 | D:8      | Noticed Psyche
  1050 | D:8      | Noticed Gastronok
  1056 | D:8      | HP: 1/76 [Psyche/puff of frost (10)]
  1062 | D:8      | Killed from afar by Gastronok

Vault maps used:
D:1:      saegor_arrival_miasma
D:2:      serial_curves, eino_curves_01, eino_curves_03, first_bread
D:3:      grunt_temple_overflow_magic_moments, hangedman_decor_opposing,
          uniq_grinder
D:4:      overflow_temple_1_default, lightli_corner_chamber
D:5:      nicolae_qazlal_eye_of_the_storm, johnstein_pakellas_shop,
          serial_shops, shop, nicolae_shop_trees, nicolae_shop_behind_doors,
          kennysheep_little_box, shop
D:6:      grunt_temple_overflow_cloverleaf, uniq_eustachio, uniq_blork_the_orc,
          uniq_edmund, uniq_pikel
D:7:      old_standard_altar
D:8:      zin_statuary, dpeg_lair_monsters, uniq_psyche, uniq_gastronok
Abyss:3:  hangedman_cross_veins, nicolae_abyss_rune_star_stuff

Skill      XL: |  1  2  3  4  5  6 |
---------------+-------------------+-----
Armour         | 2 3 |  3.0
Invocations    | 3 4 |  4.0
Polearms       | 1 2 3 |  3.3
Fighting       | |  3.0
Long Blades    | |  1.9
Dodging        | |  0.6

Action                   |  1- 3 |  4- 6 || total
-------------------------+-------+-------++-------
Melee: Staff             |    66 |     7 ||    73
       Kick              |    20 |    18 ||    38
       Halberd           |       |    86 ||    86
Invok: Depart the Abyss  |     1 |       ||     1
Evoke: Wand              |     3 |     4 ||     7
  Use: Scroll            |     4 |     2 ||     6
       Potion            |       |     1 ||     1
Armor: Chain mail        |    48 |    80 ||   128
       Skin              |       |    10 ||    10
Dodge: Dodged            |    18 |    27 ||    45
Block: Other             |     2 |    10 ||    12
